 Dungeon Crawl Stone Soup version 0.30-a0-52-g86a8295270 (webtiles) character file.

Game seed: 13443771449355966494

466 Newt the Skirmisher (level 7, -19/43 HPs)
             Began as a Kobold Hunter on Sept 6, 2022.
             Was an Initiate of Yredelemnul.
             Demolished by an ogre
             ... wielding a +0 giant club
              (33 damage)
             ... on level 5 of the Dungeon.
             The game lasted 00:05:43 (4687 turns).

Newt the Skirmisher (Kobold Hunter)                 Turns: 4687, Time: 00:05:44

Health: -19/43     AC:  4    Str:  8    XL:     7   Next: 30%
Magic:  5/7        EV: 16    Int: 10    God:    Yredelemnul [......]
Gold:   265        SH:  0    Dex: 21    Spells: 6/6 levels left

rFire   . . .      SeeInvis .    a - +1 shortbow
rCold   . . .      Faith    .    (shield currently unavailable)
rNeg    . . .      Spirit   .    c - +0 leather armour
rPois   .          Reflect  .    (no helmet)
rElec   .          Harm     .    (no cloak)
rCorr   .          Rampage  .    q - +0 pair of gloves {hurl}
Will    .....                    (no boots)
Stlth   +++.......               (no amulet)
HPRegen 0.14/turn                (no ring)
MPRegen 0.10/turn                (no ring)

@: no status effects
A: small, no large weapons, nightstalker 3
a: Renounce Religion, Recall Undead Harvest


You were on level 5 of the Dungeon.
You worshipped Yredelemnul.
Yredelemnul was noncommittal.
You visited 1 branch of the dungeon, and saw 5 of its levels.

You collected 265 gold pieces.

Inventory:

Hand Weapons
 a - a +1 shortbow (weapon)
Armour
 c - a +0 leather armour (worn)
 e - a +0 pair of gloves
 q - a +0 pair of gloves of hurling (worn)
Jewellery
 r - a +6 ring of intelligence
Wands
 l - a wand of charming (10)
 o - a wand of polymorph (11)
Scrolls
 b - 2 scrolls of immolation
 d - a scroll of amnesia
 i - 2 scrolls of enchant armour
 k - a scroll of enchant weapon
 n - a scroll of fog
Potions
 j - a potion of mutation
 m - a potion of resistance {unknown}
 p - 2 potions of brilliance {unknown}
 s - 2 potions of invisibility {unknown}


   Skills:
 - Level 4.0 Fighting
 + Level 8.1 Ranged Weapons
 - Level 4.0 Dodging
 - Level 1.3 Stealth
 - Level 4.0 Evocations


You had 6 spell levels left.
You didn't know any spells.
Your spell library was empty.

Dungeon Overview and Level Annotations

Branches:
Dungeon (5/15)             Temple (0/1) D:4

Altars:
Elyvilon
Nemelex Xobeh
Xom
Yredelemnul


Innate Abilities, Weirdness & Mutations

You are small and have problems with some larger weapons.
You are completely attuned to the shadows.


Message History

Fire: a) +1 shortbow
Press: ? - help, Shift-Dir - straight line, f/p - Grinder
Aim: Grinder (severely wounded, ally target, 65% to hit)
You shoot an arrow. The arrow hits Grinder!
You kill Grinder!
Your spectral white imp hits the ogre.
Training target 4.0 for Evocations reached!
Your Evocations skill increases to level 4!
You need to enable at least one skill for training.
Your Ranged Weapons skill increases to level 8!
You have reached level 7!
Read: scroll of fear
Press: ? - help, Q - select action, (/) - cycle Dir - look around, f - activate
As you read the scroll of fear, it crumbles to dust.
You assume a fearsome visage.
The ogre looks frightened!
The ogre hits your spectral white imp with a +0 giant club!
Your spectral white imp is destroyed!
Fire: a) +1 shortbow
Press: ? - help, Shift-Dir - straight line, f - ogre
Aim: an ogre, wielding a +0 giant club (lightly wounded, fleeing, ally target, 80% to hit)
You shoot an arrow. The arrow hits the ogre.
Your attack snaps the ogre out of its fear.
The ogre is lightly wounded.
Grinder barely misses the ogre.
The ogre barely misses you.
Fire: a) +1 shortbow
Press: ? - help, Shift-Dir - straight line, f/p - ogre
Aim: an ogre, wielding a +0 giant club (lightly wounded, ally target, 80% to hit)
You shoot an arrow. The arrow hits the ogre!
The ogre is heavily wounded.
Grinder hits the ogre.
Fire: a) +1 shortbow
Press: ? - help, Shift-Dir - straight line, f/p - ogre
Aim: an ogre, wielding a +0 giant club (severely wounded, ally target, 80% to hit)
You shoot an arrow. The arrow hits the ogre.
The ogre is severely wounded.
The ogre hits you with a +0 giant club!!
Ouch! That really hurt!
You die...
Your body rises from the dead as a mindless zombie.

#####
#.Z.#
#.#O#
#.#@# #
#5###
.#.#O..#
....Z..#
.......#
.......#
.....[.#
........


You could see an ogre (ally target) and the friendly Grinder the spectral shadow
imp.

Vanquished Creatures
  Grinder (D:5)
  An orc priest (D:4)
  A gnoll bouda (D:3)
  2 orc wizards
  An adder (D:4)
  3 gnolls
  A white imp (D:5)
  2 worms
  7 orcs (D:4)
  9 bats
  5 endoplasms
  3 giant cockroaches
  7 goblins
  8 hobgoblins
  6 jackals (D:2)
  4 quokkas
  7 ball pythons
  5 frilled lizards
  3 kobolds (D:1)
  5 rats
81 creatures vanquished.

Vanquished Creatures (collateral kills)
  An orc wizard (D:4)
  An orc (D:4)
  A bat (D:3)
  A rat (D:2)
4 creatures vanquished.

Vanquished Creatures (others)
  A spectral white imp (D:5)
  A bat zombie (D:2)
  A giant cockroach zombie (D:4)
  A gnoll zombie (D:4)
  A goblin zombie (D:4)
  5 orc zombies (D:4)
10 creatures vanquished.

Grand Total: 95 creatures vanquished

Notes
Turn   | Place    | Note
-------+----------+-------------------------------------------
     0 | D:1      | Newt the Kobold Hunter began the quest for the Orb.
     0 | D:1      | Reached XP level 1. HP: 12/12 MP: 1/1
    66 | D:1      | Reached XP level 2. HP: 16/18 MP: 2/2
   462 | D:1      | Reached XP level 3. HP: 23/23 MP: 3/3
   896 | D:2      | Found a basalt altar of Yredelemnul.
   914 | D:2      | Became a worshipper of Yredelemnul the Dark
  1201 | D:2      | Reached * piety under Yredelemnul
  1512 | D:2      | Reached XP level 4. HP: 29/29 MP: 4/4
  1781 | D:3      | Found a shimmering altar of Xom.
  1950 | D:3      | Found a sparkling altar of Nemelex Xobeh.
  2089 | D:3      | Reached skill level 6 in Ranged Weapons
  2186 | D:3      | Found a faded altar of an unknown god.
  2255 | D:3      | You fall into a shaft and drop 1 floor!
  2350 | D:4      | Found a white marble altar of Elyvilon.
  2778 | D:4      | Found a staircase to the Ecumenical Temple.
  3160 | D:3      | Reached XP level 5. HP: 16/33 MP: 5/5
  3290 | D:3      | Reached skill level 7 in Ranged Weapons
  3741 | D:4      | Reached XP level 6. HP: 30/38 MP: 6/6
  3846 | D:4      | Reached skill level 1 in Evocations
  4657 | D:5      | Entered Level 5 of the Dungeon
  4666 | D:5      | Noticed Grinder
  4667 | D:5      | Paralysed by Grinder for 3 turns
  4669 | D:5      | Noticed an ogre
  4683 | D:5      | Killed Grinder
  4684 | D:5      | Reached skill level 8 in Ranged Weapons
  4684 | D:5      | Reached XP level 7. HP: 13/43 MP: 4/7
  4687 | D:5      | Demolished by an ogre

Illustrated notes

Levels and vault maps discovered:
D:1:      tarquinn_simple_flora_water_b, layout_loops_ring, serial_park_tiny_1
D:2:      layout_loops_ring, basic_altar
D:3:      layout_basic, nicolae_overflow_crystal_walls, lemuel_tele_altar,
          hellmonk_ecumenical_altar_pennies_from_heaven, grunt_ministairs_14,
          minmay_misc_feat_cross
D:4:      layout_basic, kennysheep_little_box, temple_statues
D:5:      minmay_octagon_keep, layout_basic, lemuel_crystal_altar, uniq_ijyb,
          uniq_grinder

Skill      XL: |  1  2  3  4  5  6 |
---------------+-------------------+-----
Fighting       | 3 4 |  4.0
Ranged Weapons | 6 7 8 |  8.1
Dodging        | 4 |  4.0
Evocations     | 4 |  4.0
Stealth        | |  1.3

Action                   |  1- 3 |  4- 6 |  7- 9 || total
-------------------------+-------+-------+-------++-------
Melee: Shortbow          |       |     3 |       ||     3
 Fire: Shortbow          |    89 |   127 |     3 ||   219
Invok: Recall Undead Har |       |     1 |       ||     1
Evoke: Wand              |       |     1 |       ||     1
  Use: Scroll            |     2 |     5 |     1 ||     8
       Potion            |       |     3 |       ||     3
Armor: Leather armour    |     4 |    17 |       ||    21
Dodge: Dodged            |    45 |    41 |     1 ||    87

Table legend: (Time is in decaauts)
 A = Elapsed time spent in this place.
 B = Non-inter-level travel time spent in this place.
 C = Inter-level travel time spent in this place.
 D = Time resting spent in this place.
 E = Time spent auto-exploring this place.
 F = Levels seen in this place.
 G = Mean time per level.
                   A        B        C        D        E       F      G
               +--------+--------+--------+--------+--------+-----+--------+
         Total |   4733 |   4628 |    105 |    959 |   3128 |   5 |  946.6 |
       Dungeon |   4733 |   4628 |    105 |    959 |   3128 |   5 |  946.6 |
               +--------+--------+--------+--------+--------+-----+--------+

Top non-repeatable levels by time:
     D:3: 1571 daAuts
     D:4: 1356 daAuts
     D:2: 902 daAuts
     D:1: 871 daAuts
     D:5: 31 daAuts
